← All builds
Tech / Armada / Economy first / OBSERVED BUILD

Fast fusion

Armada Tech (Eco) build order · Supreme Isthmus

After the standard T2 start, the player pushes out a Fusion Reactor unusually early (from 8:48) to scale energy well ahead of the norm before transitioning into typical Citadel/Armageddon play.

Usually first T2 con to Geo (86%)

#eco #t2 · 84 distinct matches · 29 players · 6% of Armada Tech games · team won 61% of 85 · Recently observed

THE CATCH, AND WHAT COMES WITH IT
  • Fusion ReactorFusion Reactor from 8:49 · 13% of role by thenOnly 13% of Tech games have it by then; others who build it get it around 11:11

Then transitions into anti-nuke (32% of army), Armageddon (9% of army).

HOW TO PLAY IT

Key timing: Fusion Reactor by 9:00

  1. Open Bot Lab into Advanced Bot Lab as the standard T2 rush.
  2. Upgrade mex to Advanced Metal Extractor to grow team metal.
  3. Push Fusion Reactor far earlier than the usual 12:17 norm.
  4. Keep supplying team with T2 cons and Advanced Construction Bots.

Phase by phase

TYPICAL OF ITS 84 GAMES · AGAINST STANDARD TECH
  1. 1
  2. 2
  3. 3
  4. 4
  5. 5
PLAY THE OPENING

Follow the example game's first 9:49 step by step: what to build now, what comes next, and where it goes. At 1× it keeps pace with your own game.

  1. 1

    Up to the Bot Lab

    Economy
    • Metal Extractor3Mex
    • Wind Turbine3Wind
    Order
    1. Bot LabBot Lab after 3 mex, 3 winddone ~1:12, middle half 1:08–1:18

    By 0:55 in all: 3 mex · 3 wind

    The example game in this phase · 3 steps
    1. Mex ×3
    2. Wind ×3
    3. Bot LabBot Labdone 1:06 · typical 1:12
  2. 2

    Bot Lab to Advanced Bot Lab

    Economy
    • Metal Extractor1Mex
    • Wind Turbine9Wind
    • Energy Storage1Energy storage
    Order
    1. Advanced Bot LabAdvanced Bot Lab after 4 mex, 12 wind, 3 con turretdone ~4:12, middle half 4:02–4:23
    Builders
    • Construction Turret3 Con turret
    • Lazarus4 Lazarus
    • Construction Bot1 Con bot
    • Construction Bot1 Con bot for allies

    Some games also: converter (49%)

    By 3:10 in all: 4 mex · 12 wind · 1 energy storage · 3 con turret

    The example game in this phase · 13 steps
    1. Construction BotCon botfor Air
    2. LazarusLazarus
    3. Wind
    4. LazarusLazarus ×2
    5. Wind
    6. Mex
    7. LazarusLazarus
    8. Construction BotCon bot
    9. Con turret ×2
    10. Energy storage
    11. Con turret
    12. Wind ×2
    13. Advanced Bot LabAdvanced Bot Labdone 3:56 · typical 4:12
  3. 3

    Advanced Bot Lab to 5:00

    Economy
    • Wind Turbine4Wind
    Builders
    • Advanced Construction Bot1 T2 con bot for allies

    Some games also: converter (46%)

    By 5:00 in all: 4 mex · 17 wind · 3 converter · 1 energy storage · 3 con turret

    The example game in this phase · 13 steps
    1. Wind ×5
    2. Converter ×4
    3. Wind ×2
    4. Converter ×2
    5. Wind
    6. Advanced Construction BotT2 con botfor unknown
    7. Wind
    8. FatboyFatboyfor Ponddone 4:36
    9. Wind ×2
    10. Advanced Construction BotT2 con botfor Air
    11. Wind
    12. Advanced Metal ExtractorT2 mexdone 5:15 · typical 5:17
    13. Wind ×2
  4. 4

    5:00 to Fusion Reactor

    Economy
    • Wind Turbine33Wind+13 vs standard
    • Energy Converter5Converter+4 vs standard
    Order
    1. Fusion ReactorFusion Reactor after 4 mex, 48 wind, 9 converterdone ~10:07, middle half 9:40–10:32
    Builders
    • Butler8 Butler +3 vs standard
    • Advanced Construction Bot3 T2 con bot for allies
    • Advanced Construction Bot1 T2 con bot

    Some games also: con turret (48%)

    By 8:49 in all: 4 mex · 48 wind (standard 36) · 9 converter (standard 4) · 1 energy storage · 3 con turret

    The example game in this phase · 41 steps
    1. Wind
    2. Advanced Metal ExtractorT2 mex
    3. Wind
    4. Advanced Metal ExtractorT2 mex
    5. Converter
    6. Advanced Construction BotT2 con botfor Geo sea
    7. Wind ×3
    8. ButlerButler
    9. Advanced Metal ExtractorT2 mex
    10. ButlerButler ×5
    11. Wind
    12. ButlerButler
    13. Wind
    14. Converter
    15. Wind ×2
    16. ButlerButler
    17. Wind ×2
    18. Converter
    19. Wind ×3
    20. Advanced Construction BotT2 con botfor Beach sea
    21. Converter
    22. Wind ×6
    23. Converter
    24. Wind ×2
    25. Advanced Construction BotT2 con botfor Pond
    26. Wind
    27. Converter
    28. Wind ×2
    29. Converter
    30. Wind ×4
    31. Converter
    32. Wind ×2
    33. Advanced Construction BotT2 con bot
    34. Wind
    35. Converter
    36. Wind ×3
    37. Converter
    38. Wind ×4
    39. Converter
    40. Wind ×2
    41. Fusion ReactorFusiondone 9:52 · typical 10:07
  5. 5

    Fusion Reactor to 15:00

    Economy
    • Wind Turbine92Wind−48 vs standard
    • Energy Converter51Converter
    Order
    1. Fusion ReactorFusion after 94 wind, 24 converter, 7 con turretin 62% of games
    2. CitadelAnti-nuke after 95 wind, 29 converter, 8 con turretin 55% of games
    Builders
    • Construction Turret10 Con turret

    Some games also: Aircraft Plant (47%) · Tracer (39%) · Advanced Fusion Reactor (36%) · metal storage (32%) · con aircraft (31%)

    The standard build makes here, this one skips: 5 Butler

    By 15:00 in all: 4 mex · 143 wind · 2 fusion · 60 converter (standard 44) · 1 energy storage · 14 con turret

    The example game in this phase · 122 steps
    1. Converter
    2. Wind
    3. Converter
    4. Wind ×4
    5. Converter
    6. Wind ×4
    7. Converter
    8. Wind ×6
    9. Converter
    10. Wind ×4
    11. Converter
    12. Wind ×5
    13. Converter
    14. Wind ×4
    15. Converter
    16. Wind ×5
    17. Converter
    18. Wind ×4
    19. Converter
    20. Wind ×4
    21. Con turret
    22. Wind
    23. Converter
    24. Wind
    25. Fusion ReactorFusion
    26. Wind ×5
    27. Converter
    28. Con turret
    29. Wind ×4
    30. Con turret
    31. Converter
    32. Wind ×5
    33. Con turret
    34. Converter
    35. Wind ×4
    36. Con turret
    37. Wind
    38. Converter
    39. Wind ×2
    40. Con turret
    41. Wind ×3
    42. Converter
    43. Con turret
    44. Wind ×3
    45. Con turret
    46. Wind ×2
    47. Converter
    48. Wind
    49. Con turret
    50. TracerTracer
    51. Wind ×4
    52. Converter
    53. CitadelAnti-nukedone 11:36
    54. Wind
    55. Con turret
    56. Wind ×3
    57. Con turret
    58. Wind
    59. Converter
    60. Wind ×5
    61. Converter
    62. Wind
    63. Advanced Fusion ReactorAdvanced Fusion Reactordone 13:48
    64. Wind ×3
    65. Converter
    66. Wind ×4
    67. Converter ×3
    68. Wind
    69. Converter ×2
    70. Wind
    71. Converter
    72. Wind
    73. Converter ×2
    74. Wind
    75. Converter
    76. Wind
    77. Converter ×3
    78. Wind
    79. Converter ×2
    80. Wind
    81. Converter
    82. Wind
    83. Converter ×2
    84. Wind
    85. Converter ×2
    86. Wind
    87. Converter ×20
    88. Aircraft PlantAircraft Plantdone 13:55
    89. Converter ×2
    90. Construction AircraftCon aircraft
    91. Converter ×3
    92. Construction AircraftCon aircraft
    93. Con turret
    94. Converter
    95. T2 converter
    96. Con turret
    97. Converter ×2
    98. Con turret
    99. Converter
    100. Con turret
    101. Converter
    102. Con turret
    103. T2 converter
    104. Con turret
    105. Converter ×3
    106. Con turret
    107. Converter ×2
    108. Con turret
    109. Converter
    110. T2 converter
    111. Converter
    112. Con turret
    113. Converter ×3
    114. Con turret ×3
    115. Converter
    116. Advanced Fusion ReactorAdvanced Fusion Reactor
    117. Con turret ×2
    118. Converter ×2
    119. Con turret
    120. Converter
    121. Con turret ×2
    122. Converter ×4

Counts are medians over the build's games: half of them build more, half fewer. The example game is Teaner's (51 OS, 25/09/2026); pick another.

Team trades

IN AT LEAST 30% OF ITS GAMES

You hand over

  • Construction Bot1 Con bot to Airfirst at 2:21 · in 86% of games
  • Advanced Construction Bot5 T2 con bot to Pond or Air or Beach seafirst at 4:40 · in 100% of games

You get

  • Hercules1 Light transport from Airfirst at 3:46 · in 85% of games

How it plays out

Typical game of this build against the role’s standard build, running totals by minute

  • This build
  • Standard tech

Metal produced

020k40k
0:005:0010:0015:00

metal

Enemy metal destroyed

0200400
0:005:0010:0015:00

metal

Own metal lost

0100200300
0:005:0010:0015:00

metal

85 games.

Show as table
ByMetal produced: This buildMetal produced: Standard techEnemy metal destroyed: This buildEnemy metal destroyed: Standard techOwn metal lost: This buildOwn metal lost: Standard tech
1:003843830000
2:009179150000
3:00172516420000
4:00326631510000
5:00492448660000
6:00608058080000
7:00780072300000
8:00997790700000
9:0012648112490000
10:0017188135790000
11:0020826164090000
12:0024508199730000
13:0027794237850000
14:0031874275540900104
15:003645731617513230204
WHAT THE NUMBERS SAY

Won far more often than the standard build with a large lead in metal production and near-zero losses.

  • + Team win rate 64% vs 53% for standard build.
  • + Metal produced by 10:00 much higher (16996 vs 13553).
  • − No enemy metal destroyed recorded by 15:00 (0 vs 400 for standard).
  • − Requires strict early Bot Lab and Advanced Metal Extractor timing to reach 9:00 Fusion.
THE EXAMPLE YOU ARE READING

Teaner

51.1 OS · 25/09/2026

Open source match ↗

1 received units
2656 metal received · 164749 energy received

Allied construction assistance is unknown. Timings are observations, not a promise of solo reproducibility.

Typical milestones

Bot Lab1:12Middle 50%: 1:08–1:18 · n=85
Advanced Bot Lab4:12Middle 50%: 4:02–4:23 · n=85
Advanced Metal Extractor5:17Middle 50%: 4:58–5:35 · n=85
Fusion Reactor10:07Middle 50%: 9:40–10:32 · n=80

Played most by

Teaner22games of this buildSyphos10games of this buildKOT_6games of this build[Grump]Grumpiness5games of this buildCokeado5games of this build